 Dungeon Crawl Stone Soup version 0.32-a0-520-g344ed53f66 (webtiles) character file.

Game seed: 17066619856622721994

685 javelincjr the Trooper (level 7, -1/54 HPs)
             Began as a Demonspawn Warper on Feb 27, 2024.
             Killed from afar by Ijyb (18 damage)
             ... with a bolt of dispelling energy
             ... on level 5 of the Dungeon.
             The game lasted 00:14:32 (3763 turns).

javelincjr the Trooper (Demonspawn Warper)          Turns: 3763, Time: 00:14:33

Health: -1/54      AC:  5    Str: 14    XL:     7   Next: 35%
Magic:  11/11      EV: 13    Int: 13    God:
Gold:   208        SH:  0    Dex: 18    Spells: 1/12 levels left

rFire   . . .        f - +2 quarterstaff (chaos)
rCold   . . .        (shield currently unavailable)
rNeg    . . .        b - +0 leather armour
rPois   .            (helmet restricted)
rElec   .            e - +0 cloak
rCorr   .            h - +0 pair of gloves
SInv    .            (no boots)
Will    .....        q - amulet of regeneration
Stlth   ++           t - ring of wizardry
HPRegen 1.09/turn    v - +6 ring of dexterity
MPRegen 0.12/turn

%: wizardry (x1)
@: no status effects
A: antennae 1, foul stench 2, sturdy frame 1
a: no special abilities


You were on level 5 of the Dungeon.
You visited 1 branch of the dungeon, and saw 5 of its levels.

You collected 208 gold pieces.

Inventory:

Hand Weapons
 a - a +0 spear
 f - a +2 quarterstaff of chaos (weapon)
 k - a +0 dagger of venom
 n - a +0 sling
Missiles
 d - 7 darts of dispersal
 r - 3 poisoned darts (quivered)
 u - 4 boomerangs
Armour
 b - a +0 leather armour (worn)
 e - a +0 cloak (worn)
 h - a +0 pair of gloves (worn)
 i - a +0 chain mail
Jewellery
 j - an amulet of magic regeneration
 q - an amulet of regeneration (around neck)
 t - a ring of wizardry (left hand)
 v - a +6 ring of dexterity (right hand)
Wands
 B - a wand of paralysis (8)
Scrolls
 c - 2 scrolls of blinking
 l - 3 scrolls of identify {unknown}
 m - a scroll of enchant weapon {unknown}
 s - 4 scrolls of vulnerability {unknown}
 y - 2 scrolls of fear {unknown}
 z - a scroll of immolation {unknown}
Potions
 g - a potion of enlightenment {unknown}
 o - 3 potions of degeneration {unknown}
 p - a potion of attraction {unknown}
 w - a potion of mutation {unknown}
 x - a potion of might {unknown}
 A - a potion of brilliance {unknown}


   Skills:
 * Level 4.1 Fighting
 + Level 3.3 Polearms
 - Level 1.2 Throwing
 + Level 2.8 Armour
 + Level 3.1 Dodging
 + Level 3.3 Spellcasting
 * Level 4.1 Translocations


You had one spell level left.
You knew the following spells:

 Your Spells              Type           Power      Damage    Failure   Level
a - Blink                 Tloc           26%        N/A       2%          2
b - Lesser Beckoning      Tloc           26%        N/A       2%          2
c - Teleport Other        Tloc           13%        N/A       4%          3
d - Manifold Assault      Tloc           13%        N/A       16%         4

Your spell library contained the following spells:

 Spells                   Type           Power      Damage    Failure   Level
 Static Discharge         Conj/Air       4%         3-4/arc   14%         2
 Inner Flame              Hex/Fire       2%         N/A       26%         3
 Vhi's Electric Charge    Tloc/Air       14%        N/A       34%         4
 Airstrike                Air            1%         2d(1-17)  65%         4
 Summon Lightning Spire   Summ/Air       2%         N/A       65%         4
 Irradiate                Conj/Alch      1%         3d12      92%         5
 Ignition                 Fire           1%         3d3       100%        8


Dungeon Overview and Level Annotations

Branches:
Dungeon (5/15)             Temple (0/1) D:5

Altars:
Nemelex Xobeh
Uskayaw

Shops:
D:5 *

Annotations:
D:5 Ijyb


Innate Abilities, Weirdness & Mutations

You have a pair of small antennae on your head.
You sometimes emit foul miasma when damaged in melee.
Your movements are slightly less encumbered by armour. (ER -2)


Message History

You kill the black bear!
Your Fighting skill increases to level 4!
You start resting.
You are no longer firmly anchored in space.
You are no longer robbed of momentum.
You start resting.
HP restored.
Your magical contamination has completely faded away.
You start resting.
Magic restored.
You see here a black bear corpse.
r - 3 poisoned darts (gained 1)
Things that are here:
a +0 giant club; an ogre corpse
s - 4 scrolls labelled ANWOMI RIORYET (gained 3)
Found Ralydgh's Assorted Antiques.
Found 4 stones.
Found a pair of gloves.
Ijyb the Inquisitive comes into view.
She is wielding a +0 club, wearing a +3 scale mail of fire resistance and carrying a wand of quicksilver.
Ijyb shouts!
Found a purple potion.
Ijyb zaps a wand.
The bolt of dispelling energy is repelled.
Ijyb zaps a wand.
The bolt of dispelling energy hits you!
Ijyb zaps a wand.
The bolt of dispelling energy hits you!
You closely miss Ijyb. Ijyb barely misses you.
You barely miss Ijyb. Ijyb hits you with a +0 club.
You barely miss Ijyb.
Ijyb zaps a wand.
The bolt of dispelling energy hits you.
You closely miss Ijyb. Ijyb hits you with a +0 club.
You hit Ijyb but do no damage.
The acid corrodes Ijyb!
Ijyb hits you with a +0 club. Ijyb closely misses you.
You sock Ijyb!
Ijyb is moderately wounded.
Ijyb hits you with a +0 club.
* * * LOW HITPOINT WARNING * * *
You sock Ijyb! You drain Ijyb.
Ijyb is almost dead.
Ijyb zaps a wand.
The bolt of dispelling energy hits you!!
You die...
Ijyb moans, "Good help so hard to find!"

##### ..... .# ##.
....# .....# ## ....#
#....#### ....#
#....(#.#### #
....###........#.## ##.
..................## #
##..
PP..........##.....#.##
#...
>...........##.!.g....#
.... P.P.........#
#.@.# ....
.P.......♣..###...#
....
..................#
....
#####...♣∩♣....[..#
.... ###.#.........#
.... ..#♣........# ....
##...........# ...
#.###...:...# #.#
#.........


You could see Ijyb (corroded, very drained).

Vanquished Creatures
  Sigmund (D:2)
  A black bear (D:5)
  2 ogres (D:5)
  A hound (D:3)
  Crazy Yiuf (D:2)
  4 iguanas
  Robin (D:3)
  5 adders
  A dart slug (D:1)
  A ribbon worm (D:2)
  4 ball pythons
  4 endoplasms
  3 giant cockroaches (D:1)
  14 goblins
  10 hobgoblins
  4 jackals (D:1)
  4 quokkas
  4 bats
  4 frilled lizards
  4 kobolds
  5 rats
78 creatures vanquished.

Notes
Turn   | Place    | Note
-------+----------+-------------------------------------------
     0 | D:1      | javelincjr the Demonspawn Warper began the quest for the
                  | Orb.
     0 | D:1      | Reached XP level 1. HP: 16/16 MP: 3/3
   192 | D:1      | Reached skill level 1 in Throwing
   200 | D:1      | Reached skill level 1 in Armour
   224 | D:1      | Gained mutation: You have a pair of small antennae on your
                  | head. [demonic ancestry]
   224 | D:1      | Reached XP level 2. HP: 19/22 MP: 5/5
   786 | D:1      | Learned a level 2 spell: Blink
   789 | D:1      | Learned a level 2 spell: Lesser Beckoning
  1072 | D:1      | Gained mutation: You may rarely emit foul miasma when
                  | damaged in melee. [demonic ancestry]
  1072 | D:1      | Reached XP level 3. HP: 27/27 MP: 6/6
  1353 | D:2      | Found a sparkling altar of Nemelex Xobeh.
  1578 | D:2      | Found a runed translucent door.
  1579 | D:2      | Noticed Crazy Yiuf
  1601 | D:2      | HP: 2/42 [Crazy Yiuf/+2 quarterstaff of chaos (7)]
  1603 | D:2      | Killed Crazy Yiuf
  1604 | D:2      | Gained mutation: You sometimes emit foul miasma when
                  | damaged in melee. [demonic ancestry]
  1604 | D:2      | Reached XP level 4. HP: 3/34 MP: 4/7
  1835 | D:2      | Noticed Sigmund
  1868 | D:2      | Killed Sigmund
  1869 | D:2      | Reached XP level 5. HP: 25/41 MP: 7/9
  2167 | D:3      | Learned a level 3 spell: Teleport Other
  2230 | D:3      | Noticed Robin
  2250 | D:3      | Killed Robin
  2251 | D:3      | Gained mutation: Your movements are slightly less
                  | encumbered by armour. (ER -2) [demonic ancestry]
  2251 | D:3      | Reached XP level 6. HP: 38/47 MP: 10/10
  3122 | D:4      | Found a hide-covered altar of Uskayaw.
  3150 | D:4      | Learned a level 4 spell: Manifold Assault
  3426 | D:5      | Entered Level 5 of the Dungeon
  3592 | D:5      | Reached XP level 7. HP: 27/53 MP: 11/11
  3631 | D:5      | Found a staircase to the Ecumenical Temple.
  3742 | D:5      | Found Ralydgh's Assorted Antiques.
  3753 | D:5      | Noticed Ijyb
  3763 | D:5      | Killed from afar by Ijyb

Illustrated notes

Levels and vault maps discovered:
D:1:      minmay_arrival_glassed_features, layout_basic,
          serial_co_window_serial, co_window_paths_b, co_window_corner_a,
          co_window_paths_a, co_window_paths_a, co_window_paths_a,
          co_window_corner_a, co_window_paths_b, co_window_unsneaky_path_a,
          co_window_corner_ca, co_window_broadway_a
D:2:      layout_rooms, serial_forest, infiniplex_forest_lined_room_2,
          infiniplex_forest_clump_cross, infiniplex_forest_end_1,
          infiniplex_forest_end_1, infiniplex_forest_split, basic_altar,
          chequers_arboretum, uniq_crazy_yiuf_cottage, uniq_sigmund
D:3:      layout_basic, uniq_robin
D:4:      layout_basic, nicolae_overflow_crystal_walls,
          serial_library_hellmonk_recessed_alcove
D:5:      layout_basic, nicolae_ru_sacrificial_ziggurat,
          minmay_temple_entry_overgrown, serial_shops, nicolae_shop_trees,
          gammafunk_ghost_mausoleum, nicolae_figureground_pulse, uniq_edmund,
          uniq_ijyb

Skill      XL: |  1  2  3  4  5  6  7 |
---------------+----------------------+-----
Throwing       | 1 |  1.2
Armour         | 1 2 |  2.8
Polearms       | 2 3 |  3.3
Dodging        | 2 3 |  3.1
Translocations | 3 4 |  4.1
Fighting       | 3 4 |  4.1
Spellcasting   | 3 |  3.3

Action                     |  1- 3 |  4- 6 |  7- 9 || total
---------------------------+-------+-------+-------++-------
  Melee: Spear             |   133 |       |       ||   133
         Quarterstaff      |       |   120 |    19 ||   139
  Throw: Dart              |     4 |     4 |     1 ||     9
   Cast: Manifold Assault  |       |     3 |     1 ||     4
    Use: Potion            |     1 |       |       ||     1
   Stab: Sleeping          |       |     4 |       ||     4
         Distracted        |       |     1 |       ||     1
 Armour: Leather armour    |    76 |    78 |    18 ||   172
  Dodge: Dodged            |    57 |    63 |    12 ||   132
         Repelled          |       |     1 |     1 ||     2

Table legend: (Time is in decaauts)
 A = Elapsed time spent in this place.
 B = Non-inter-level travel time spent in this place.
 C = Inter-level travel time spent in this place.
 D = Time resting spent in this place.
 E = Time spent auto-exploring this place.
 F = Levels seen in this place.
 G = Mean time per level.
                   A        B        C        D        E       F      G
               +--------+--------+--------+--------+--------+-----+--------+
         Total |   3803 |   3548 |    255 |    116 |   2602 |   5 |  760.6 |
       Dungeon |   3803 |   3548 |    255 |    116 |   2602 |   5 |  760.6 |
               +--------+--------+--------+--------+--------+-----+--------+

Top non-repeatable levels by time:
     D:1: 1353 daAuts
     D:2: 821 daAuts
     D:3: 742 daAuts
     D:4: 541 daAuts
     D:5: 344 daAuts
